 Dungeon Crawl Stone Soup version 0.20.1-1-g8b1a95d (webtiles) character file.

406 Mitsuki the Covered (level 6, -2/57 HPs)
             Began as a Deep Dwarf Fighter on Sept 11, 2017.
             Slain by Nidhoragg's ghost (17 damage)
             ... on level 4 of the Dungeon on Sept 14, 2017.
             The game lasted 00:12:09 (2826 turns).

Mitsuki the Covered (Deep Dwarf Fighter)            Turns: 2826, Time: 00:12:10

Health: -2/57      AC:  9    Str: 22    XL:     6   Next: 56%
Magic:  6/6        EV:  7    Int:  8    God:
Gold:   220        SH: 10    Dex: 12    Spells: 5/5 levels left

rFire    . . .     SeeInvis .   a - +0 flail
rCold    . . .     Gourm    .   c - +0 shield
rNeg     . . .     Faith    .   b - +0 scale mail
rPois    .         Spirit   .   (no helmet)
rElec    .         Reflect  .   (no cloak)
rCorr    .         Harm     .   (no gloves)
MR       .....                  s - +1 pair of boots
Stlth    ..........             (no amulet)
Regen    0.0/turn               (no ring)
MPRegen  0.1/turn               (no ring)

@: non-regenerating, very slow
A: damage resistance, heal wounds, sense surroundings 1, no regeneration
a: Heal Wounds


You were on level 4 of the Dungeon.
You were not hungry.

You visited 1 branch of the dungeon, and saw 4 of its levels.

You collected 220 gold pieces.

Inventory:

Hand Weapons
 a - a +0 flail (weapon)
Armour
 b - a +0 scale mail (worn)
 c - a +0 shield (worn)
 s - a +1 pair of boots (worn)
Scrolls
 g - 2 scrolls of magic mapping {unknown}
 i - a scroll of fog {unknown}
 j - a scroll of teleportation {unknown}
 l - 3 scrolls of recharging {unknown}
 m - 2 scrolls of immolation {unknown}
 q - 2 scrolls of identify {unknown}
 t - a scroll of blinking {unknown}
 u - 2 scrolls of remove curse {unknown}
Potions
 d - a potion of might
 e - 2 potions of curing
 k - a potion of lignification
 n - a potion of ambrosia {unknown}
 o - a potion of magic {unknown}
 p - a potion of degeneration {unknown}
 v - a potion of haste {unknown}
Comestibles
 f - 2 bread rations
 h - 2 royal jellies
 r - 2 meat rations


   Skills:
 + Level 4.0 Fighting
 + Level 4.3 Maces & Flails
 + Level 4.8 Armour
 + Level 4.7 Shields


You had 5 spell levels left.
You didn't know any spells.

Dungeon Overview and Level Annotations

Branches:
Dungeon (4/15)
 Temple: D:4-7

Altars:
The Shining One

Annotations:
D:4 Nidhoragg's ghost, novice MiBe


Innate Abilities, Weirdness & Mutations

You are resistant to damage.
You can heal yourself by infusing magical energy.
You passively map a small area around you.
You do not regenerate.


Message History

Found 11 gold pieces.
Nidhoragg's ghost turns its malevolent gaze towards you.
A phantom comes into view.
An adder skeleton comes into view.
The adder skeleton bites you but does no damage.
You hit the adder skeleton.
The adder skeleton is lightly damaged.
The adder skeleton bites you but does no damage. x2
You hit the adder skeleton.
The adder skeleton is moderately damaged.
You block the adder skeleton's attack.
You thump the adder skeleton!
You destroy the adder skeleton!
You block Nidhoragg's ghost's attack.
Nidhoragg's ghost hits you but does no damage.
Nidhoragg's ghost says, "I am made of steel!"
You enter the shallow water.
Moving in this stuff is going to be slow.
Nidhoragg's ghost hits you!!
You die...

###.# *, , #.## # #. *
###..## #. #. #... * * *
...>..######.##.####...
###..#................
.., *
###..#.#######..≈≈≈≈≈ ≈≈
................≈#≈≈ ≈#
* *
###.##########..≈#≈###≈#
#.# *,#@#≈≈≈≈≈#≈# #.#.#
###.# #≈W≈≈≈≈≈≈≈# ##.#W
....# *
##..#.#######..$.* #####
* #.............. * *
####.###.##*... * #.#
#.# #W# *.#####.###.#
#.# #...........## #.#
#######.##.#.###.#


You could see Nidhoragg's ghost.

Vanquished Creatures
  The ghost of KoningWillie the Ruffian, an amateur TrMo (D:3)
  A howler monkey (D:4)
  5 worker ants (D:4)
  7 adders
  An adder skeleton (D:4)
  2 worms
  2 dart slugs
  4 leopard geckos
  2 orcs (D:3)
  2 giant cockroaches
  12 goblins
  6 hobgoblins
  2 jackals (D:1)
  10 kobolds
  A quokka (D:4)
  A ball python (D:3)
  12 bats
  3 frilled lizards
  A leopard gecko skeleton (D:4)
  A quokka skeleton (D:4)
  7 rats
83 creatures vanquished.

Notes
Turn   | Place    | Note
-------+----------+-------------------------------------------
     0 | D:1      | Mitsuki the Deep Dwarf Fighter began the quest for the Orb.
     0 | D:1      | Reached XP level 1. HP: 20/20 MP: 1/1
   233 | D:1      | Reached XP level 2. HP: 27/27 MP: 2/2
   553 | D:1      | Found a glowing golden altar of the Shining One.
  1152 | D:1      | Reached XP level 3. HP: 29/34 MP: 3/3
  1367 | D:2      | Reached XP level 4. HP: 29/42 MP: 4/4
  2007 | D:3      | Noticed KoningWillie's ghost (amateur TrMo)
  2042 | D:3      | Killed KoningWillie's ghost
  2042 | D:3      | Reached XP level 5. HP: 29/50 MP: 5/5
  2440 | D:4      | Reached XP level 6. HP: 26/57 MP: 6/6
  2800 | D:4      | Noticed Nidhoragg's ghost (novice MiBe)
  2826 | D:4      | Slain by Nidhoragg's ghost

Skill      XL: |  1  2  3  4  5  6 |
---------------+-------------------+-----
Fighting       | 3 4 |  4.0
Maces & Flails | 3 4 |  4.3
Armour         | 4 |  4.8
Shields        | 4 |  4.7

Action                   |  1- 3 |  4- 6 || total
-------------------------+-------+-------++-------
Melee: Flail             |   114 |   194 ||   308
 Abil: Heal Wounds       |       |     1 ||     1
  Use: Potion            |     2 |     1 ||     3
  Eat: Chunk             |     2 |     5 ||     7
Armor: Scale mail        |    53 |    75 ||   128
Dodge: Dodged            |    42 |    71 ||   113
Block: Shield            |    51 |   111 ||   162
